 Dungeon Crawl Stone Soup version 0.19.4-8-ga85b6b9 (webtiles) character file.

317 Jerry the Chopper (level 6, -10/53 HPs)
             Began as a Hill Orc Gladiator on Feb 12, 2017.
             Mangled by a mummy (14 damage)
             ... on level 4 of the Dungeon.
             The game lasted 00:05:31 (2786 turns).

Jerry the Chopper (Hill Orc Gladiator)              Turns: 2786, Time: 00:05:32

Health: -10/53     AC:  7    Str: 20    XL:     6   Next: 44%
Magic:  6/6        EV:  9    Int:  8    God:
Gold:   187        SH:  0    Dex: 11    Spells: 0 memorised, 5 levels left

rFire  . . .     SeeInvis .     a - +0 war axe
rCold  . . .     Gourm    .     g - +0 scale mail
rNeg   . . .     Faith    .     (no shield)
rPois  .         Spirit   .     c - +0 helmet
rElec  .         Reflect  .     (no cloak)
rCorr  .         Harm     .     (no gloves)
MR     .....                    (no boots)
Stlth  ..........               (no amulet)
                                (no ring)
                                u - ring of loudness (curse)

@: heavily drained
A: no striking features
a: no special abilities


You were on level 4 of the Dungeon.
You were not hungry.

You visited 1 branch of the dungeon, and saw 4 of its levels.

You collected 187 gold pieces.

Inventory:

Hand Weapons
 a - a +0 war axe (weapon)
Missiles
 d - a throwing net (quivered)
Armour
 c - a +0 helmet (worn)
 g - a +0 scale mail (worn)
 v - a +0 ring mail
Jewellery
 u - a cursed ring of loudness (left hand)
Scrolls
 e - a scroll of recharging {unknown}
 i - 2 scrolls of enchant armour {unknown}
 p - a scroll of identify {unknown}
 r - a scroll of remove curse {unknown}
Potions
 b - a potion of haste {unknown}
 j - a potion of might {unknown}
 k - a potion of agility {unknown}
 l - 2 potions of cancellation {unknown}
 m - a potion of degeneration {unknown}
 n - a potion of flight {unknown}
 q - a potion of curing
 s - a potion of cure mutation {unknown}
 t - 2 potions of invisibility {unknown}
Comestibles
 f - 2 bread rations
 h - 2 meat rations
 o - a slice of pizza


   Skills:
 + Level 4.6(2.8) Fighting
 * Level 7.2(5.2) Axes
 - Level 1.7(0.1) Throwing
 + Level 2.9(1.2) Armour
 - Level 2.4(0.7) Dodging


You had 5 spell levels left.
You didn't know any spells.

Dungeon Overview and Level Annotations

Branches:
Dungeon (4/15)
 Temple: D:4-7

Altars:
Dithmenos
Kikubaaqudgha
Nemelex Xobeh
Sif Muna
Yredelemnul

Portals:
Ossuary: D:4


Message History

You hit the mummy.
The mummy is lightly damaged.
You hear the hiss of an avalanche of sand.
The mummy hits you.
* * * LOW HITPOINT WARNING * * *
You slash the mummy!
The mummy is heavily damaged.
You hit the mummy.
The mummy is severely damaged.
The mummy barely misses you.
You hit the mummy but do no damage.
The mummy is severely damaged.
The mummy hits you!
* * * LOW HITPOINT WARNING * * *
Your scale mail prevents you from hitting the mummy.
The mummy is severely damaged.
You hit the mummy.
The mummy is almost destroyed.
The mummy hits you!
You die...

#......#. #.......)
#.......# ###
#.......# ..#
#.......### ..#
#......)#.## ..#
#.......#..## ..#
####+##!'@M∩##. ..#
......#†#..##.. ..#
....#.#.##..#
..#########'##.###...#
..##...##......##.....
....)...'......#......
........#.............
..#######.............
..# .............%...


You could see a mummy.

Vanquished Creatures
  Edmund (D:4)
  An ogre (D:4)
  A worker ant (D:4)
  An adder (D:2)
  An ooze (D:4)
  3 worms (D:3)
  A dart slug (D:3)
  3 leopard geckos (D:3)
  An orc (D:3)
  A ball python (D:3)
  A bat zombie (D:2)
  5 giant cockroaches
  2 goblins
  9 hobgoblins
  A quokka (D:3)
  7 bats
  3 frilled lizards
  8 kobolds
  A quokka skeleton (D:4)
  9 rats
  2 rat zombies (D:2)
62 creatures vanquished.

Notes
Turn   | Place    | Note
-------+----------+-------------------------------------------
     0 | D:1      | Jerry the Hill Orc Gladiator began the quest for the Orb.
     0 | D:1      | Reached XP level 1. HP: 18/18 MP: 1/1
   308 | D:1      | Reached XP level 2. HP: 25/25 MP: 2/2
   836 | D:1      | Reached XP level 3. HP: 30/30 MP: 3/3
   839 | D:1      | Reached skill level 5 in Axes
  1024 | D:2      | Reached skill level 1 in Armour
  1182 | D:2      | Found an ancient bone altar of Kikubaaqudgha.
  1491 | D:2      | Found a sparkling altar of Nemelex Xobeh.
  1896 | D:3      | Reached XP level 4. HP: 37/38 MP: 4/4
  2384 | D:3      | Found a deep blue altar of Sif Muna.
  2410 | D:3      | Found a shadowy altar of Dithmenos.
  2412 | D:3      | Found a basalt altar of Yredelemnul.
  2539 | D:4      | Noticed an ogre
  2548 | D:4      | Killed an ogre
  2548 | D:4      | Reached skill level 6 in Axes
  2548 | D:4      | Reached XP level 5. HP: 46/46 MP: 5/5
  2557 | D:4      | Noticed Edmund
  2581 | D:4      | Killed Edmund
  2581 | D:4      | Reached skill level 7 in Axes
  2581 | D:4      | Reached XP level 6. HP: 6/53 MP: 6/6
  2778 | D:4      | Found a sand-covered staircase.
  2786 | D:4      | Mangled by a mummy

Skill      XL: |  1  2  3  4  5 |
---------------+----------------+-----
Axes           | 5 6 7 |  7.2
Armour         | 1 2 |  2.9
Fighting       | 3 4 |  4.6
Throwing       | |  1.7
Dodging        | |  2.4

Action                   |  1- 3 |  4- 6 || total
-------------------------+-------+-------++-------
Melee: War axe           |   118 |    79 ||   197
Throw: Throwing net      |       |     3 ||     3
  Use: Potion            |       |     1 ||     1
 Stab: Sleeping          |     2 |       ||     2
  Eat: Chunk             |     3 |     3 ||     6
Armor: Leather armour    |    38 |     4 ||    42
       Ring mail         |       |     2 ||     2
       Scale mail        |       |    15 ||    15
Dodge: Dodged            |    76 |    25 ||   101
